 Dungeon Crawl Stone Soup version 0.26.1-11-gd32895ea62 (webtiles) character file.

Game seed: 3043293224481494589

70 Fortitude43 the Grave Robber (level 4, -8/27 HPs)
             Began as an Octopode Necromancer on May 6, 2021.
             Shot with an arrow by a centaur (15 damage)
             ... on level 3 of the Dungeon.
             The game lasted 00:30:11 (1681 turns).

Fortitude43 the Grave Robber (Octopode Necromancer) Turns: 1681, Time: 00:30:11

Health: -8/27      AC:  1    Str:  7    XL:     4   Next: 22%
Magic:  1/7        EV: 14    Int: 17    God:
Gold:   148        SH:  0    Dex: 13    Spells: 2/7 levels left

rFire    . . .     SeeInvis .   a - +2 dagger (elec)
rCold    . . .     Faith    .   (no shield)
rNeg     . . .     Spirit   .   (helmet restricted)
rPois    .         Reflect  .   (no amulet)
rElec    .         Harm     .   f - ring of attention (curse)
rCorr    .         Rampage  .   (no ring)
Will     .....                  (no ring)
Stlth    ++........             (no ring)
HPRegen  0.09/turn              (no ring)
MPRegen  0.10/turn              (no ring)
                                (no ring)
                                (no ring)

@: about to teleport
A: almost no armour, stealthy swim, amphibious, 8 rings, constrict 8, camouflage
1, gelatinous body 1
a: no special abilities


You were on level 3 of the Dungeon.
You visited 1 branch of the dungeon, and saw 3 of its levels.

You collected 148 gold pieces.

Inventory:

Hand Weapons
 a - a +2 dagger of electrocution (weapon)
 h - a +0 short sword
Missiles
 d - 17 poisoned darts (quivered)
 j - 3 boomerangs
Jewellery
 f - a cursed ring of attention (left tentacle)
Scrolls
 i - a scroll of fear {unknown}
Potions
 b - a potion of heal wounds {unknown}
 c - a potion of cancellation {unknown}
 e - a potion of curing


   Skills:
 + Level 1.1 Throwing
 + Level 3.2 Dodging
 - Level 2.6 Stealth
 - Level 2.0 Spellcasting
 + Level 4.7 Necromancy


You had 2 spell levels left.
You knew the following spells:

 Your Spells              Type           Power        Failure   Level
a - Pain                  Necr           68%          2%          1
b - Animate Skeleton      Necr           34%          2%          1
c - Vampiric Draining     Necr           8%           9%          3

Your spell library contained the following spells:

 Spells                   Type           Power        Failure   Level
 Animate Dead             Necr           8%           26%         4
 Agony                    Necr           17%          58%         5


Dungeon Overview and Level Annotations

Branches:
Dungeon (3/15)

Altars:


Innate Abilities, Weirdness & Mutations

You cannot wear most types of armour.
You are very stealthy in the water. (Stealth+)
You are amphibious.
You can wear up to eight rings at the same time.
You can use your tentacles to constrict eight enemies at once.
Your skin changes colour to match your surroundings (Stealth+).
Your rubbery body absorbs attacks. (AC +1, EV +1)


Message History

Your goblin skeleton is destroyed!
Things that are here:
a +0 club; an orc corpse
Casting: Animate Skeleton (safe; 2% risk of failure)
Confirm with . or Enter, or press ? or * to list all spells.
You attempt to give life to the dead...
Before your eyes, flesh is ripped from the corpse!
The dead are walking!
An arrow appears from out of your range of vision.
The arrow hits your orc skeleton!
Your orc skeleton is destroyed!
You swap places.
The centaur shouts!
You see here a +0 chain mail.
As you read the scroll of teleportation, it crumbles to dust.
You feel strangely unstable.
The centaur shoots an arrow.
The arrow hits you!
* * * LOW HITPOINT WARNING * * *
The centaur shoots an arrow.
The arrow hits you!
Ouch! That really hurt!
You die...

.....# .. ?.#.# ##.. .#
#.#.###... (.#### #...##..#
..... . ########..##.# #...#
...........)....#####...#
....####................#
#.<..............###...### ##
###.###..######@...........##...
........#### #Z##.>c..###......
...........####.((#.......<###..
.......###.......<.......#......
....... ########..##.##........
...?... ##.....#######.. #####.#
###.#.# c #. #...#### #.
###....##


You could see a centaur and a friendly orc skeleton.

Vanquished Creatures
  An adder (D:2)
  3 leopard geckos
  4 orcs (D:3)
  4 bats
  2 giant cockroaches
  6 goblins
  2 hobgoblins (D:2)
  7 jackals
  2 quokkas (D:2)
  A frilled lizard (D:1)
  6 kobolds (D:2)
  7 rats (D:1)
45 creatures vanquished.

Vanquished Creatures (collateral kills)
  2 bats
  2 frilled lizards (D:2)
  A kobold (D:1)
5 creatures vanquished.

Grand Total: 50 creatures vanquished

Notes
Turn   | Place    | Note
-------+----------+-------------------------------------------
     0 | D:1      | Fortitude43 the Octopode Necromancer began the quest for
                  | the Orb.
     0 | D:1      | Reached XP level 1. HP: 11/11 MP: 3/3
   118 | D:1      | Learned a level 1 spell: Animate Skeleton
   263 | D:1      | Reached XP level 2. HP: 12/17 MP: 0/5
   742 | D:1      | Reached XP level 3. HP: 17/21 MP: 0/6
   934 | D:1      | Learned a level 3 spell: Vampiric Draining
  1276 | D:2      | Reached skill level 1 in Throwing
  1276 | D:2      | Reached XP level 4. HP: 27/27 MP: 2/7
  1611 | D:3      | Noticed a centaur
  1681 | D:3      | Shot with an arrow by a centaur

Illustrated notes

Levels and vault maps discovered:
D:1:      eino_arrival_water_star, layout_basic
D:2:      layout_basic
D:3:      layout_rooms, led_sif_book

Skill      XL: |  1  2  3 |
---------------+----------+-----
Dodging        | 3 |  3.2
Throwing       | 1 |  1.1
Stealth        | |  2.6
Spellcasting   | |  2.0
Necromancy     | |  4.7

Action                   |  1- 3 |  4- 6 || total
-------------------------+-------+-------++-------
Melee: Constrict         |    12 |       ||    12
       Unarmed           |     2 |       ||     2
       Club              |    16 |       ||    16
       Tentacles         |     6 |       ||     6
       Short sword       |    15 |       ||    15
       Dagger            |       |     2 ||     2
Throw: Dart              |     5 |     6 ||    11
 Cast: Pain              |    37 |    10 ||    47
       Animate Skeleton  |    19 |     5 ||    24
       Vampiric Draining |     2 |       ||     2
  Use: Scroll            |     3 |     1 ||     4
       Potion            |     1 |     1 ||     2
 Stab: Sleeping          |     4 |       ||     4
Armor: Skin              |     5 |       ||     5
Dodge: Dodged            |    23 |     2 ||    25
